 Dungeon Crawl Stone Soup version 0.30-a0-463-g4188047c90 (webtiles) character file.

Game seed: 8795126160706190187

438 M4edhros the Sneak (level 7, -5/69 HPs)
             Began as an Octopode Artificer on Dec 17, 2022.
             Constricted to death by Ijyb (7 damage)
             ... on level 5 of the Dungeon.
             The game lasted 00:05:03 (1654 turns).

M4edhros the Sneak (Octopode Artificer)             Turns: 1654, Time: 00:05:04

Health: -5/69      AC: 23    Str: 11    XL:     7   Next: 1%
Magic:  6/6        EV: -1    Int: 14    God:
Gold:   81         SH:  0    Dex: 18    Spells: 6/6 levels left

rFire   . . .      SeeInvis +    (no weapon)
rCold   + . .      Faith    .    (no shield)
rNeg    . . .      Spirit   .    (helmet currently unavailable)
rPois   +          Reflect  .    (no amulet)
rElec   .          Harm     .    l - +6 ring of dexterity
rCorr   .          Rampage  .    f - ring of see invisible
Will    .....      NoTele   +    h - ring of protection from cold
Stlth   +++.......               (no ring)
HPRegen 0.31/turn                (no ring)
MPRegen 0.10/turn                (no ring)
                                 (no ring)
                                 (no ring)

@: tree-form, grasped by roots, attractive, constricted
A: stationary, stasis, torment immunity, boosted hp, almost no armour,
(amphibious), 8 rings, (camouflage 1), (gelatinous body 1), (nimble swimmer 1),
(tentacles), (tentacle spike 1), clumsy 1, low MP 1
a: no special abilities


You were on level 5 of the Dungeon.
You were a tree.
You visited 1 branch of the dungeon, and saw 5 of its levels.
You also visited: Sewer.

You collected 81 gold pieces.

Inventory:

Missiles
 m - 4 datura-tipped darts
Jewellery
 f - a ring of see invisible (right branch)
 h - a ring of protection from cold (on tentacle)
 l - a +6 ring of dexterity (left branch)
Wands
 b - a wand of flame (3) (quivered)
 c - a wand of charming (4)
 d - a wand of iceblast (2)
Scrolls
 a - a scroll of poison {unknown}
 e - 4 scrolls of identify {unknown}
 i - 2 scrolls of magic mapping {unknown}
 k - a scroll of noise {unknown}
 n - 2 scrolls of amnesia {unknown}
 p - a scroll of vulnerability {unknown}
 q - a scroll of fog {unknown}
Potions
 o - a potion of ambrosia {unknown}
 r - a potion of experience {unknown}
 s - a potion of might {unknown}
 t - a potion of cancellation {unknown}


   Skills:
 - Level 3.2 Fighting
 + Level 4.2 Dodging
 + Level 5.2 Stealth
 + Level 5.1 Evocations


You had 6 spell levels left.
You didn't know any spells.
Your spell library contained the following spells:

 Spells                   Type           Power      Damage    Failure   Level
 Leda's Liquefaction      Hex/Erth       0%         N/A       96%         4
 Lee's Rapid Deconstruct  Erth           0%         3d4*      100%        5
 Statue Form              Tmut/Erth      0%         N/A       100%        6


Dungeon Overview and Level Annotations

Branches:
Dungeon (5/15)              Sewer (visited)
 Temple: D:4-7

Altars:

Annotations:
D:3 Grinder
D:5 Ijyb


Innate Abilities, Weirdness & Mutations

You are a tree.
Your roots penetrate the ground, keeping you stationary.
You cannot be teleported.
You are immune to unholy pain and torment.
Your maximum health is greatly increased.
You cannot wear most types of armour.
((You are amphibious.))
You can wear up to eight rings at the same time.
((Your skin changes colour to match your surroundings (Stealth+).))
((Your rubbery body absorbs attacks. (AC +1, EV +1)))
((You are camouflaged when in or above water. (Stealth+)))
((You have tentacles for arms and can constrict up to eight enemies at once.))
((One of your tentacles bears a spike.))
You are clumsy. (Dex -2)
Your magical capacity is low. (-10% MP)


Message History

You constrict Ijyb. Ijyb completely misses you.
Unknown command.
Unknown command.
You tentacle-slap Ijyb but do no damage.
You pierce Ijyb, but do no damage.
Ijyb is heavily wounded.
You constrict Ijyb, but do no damage. Ijyb closely misses you.
Unknown command.
You tentacle-slap Ijyb but do no damage.
Ijyb is heavily wounded.
You constrict Ijyb.
Ijyb zaps a wand.
The roots erupt in riotous growth!
The grasping roots grab you!
Ijyb is unaffected.
The grasping roots constrict you.
* * * LOW HITPOINT WARNING * * *
You hear a shout!
You hear a bark!
Unknown command.
Unknown command.
Aiming: Throw Flame
Press: ? - help, Shift-Dir - straight line, f - Ijyb
Aim: Ijyb, wielding a +0 club, wearing a +0 chain mail and carrying a wand of roots (5) (heavily wounded, constricted by you, 100% to hit)
The puff of flame hits Ijyb.
Ijyb is heavily wounded.
You constrict Ijyb. Ijyb hits you with a +0 club.
* * * LOW HITPOINT WARNING * * *
The grasping roots constrict you.
* * * LOW HITPOINT WARNING * * *
The grasping roots release their grip on you.
Unknown command.
Unknown command.
Unknown command.
Unknown command.
It was a potion of attraction.
You feel attractive to monsters.
You constrict Ijyb.
Ijyb drinks a potion.
Ijyb is healed!
It was a potion of lignification.
You turn into a tree.
Your roots penetrate the ground.
You lose your grip on Ijyb.
Ijyb zaps a wand.
The roots erupt in riotous growth!
The grasping roots grab you!
Ijyb is unaffected.
The grasping roots constrict you!
You die...

#.........
####...###.# #...
......###.. #..##..#
#.######... ......# .
##..##..# #........##
.>....### #....##.#
#........+ ......##..
##....##.# #........#
.....###...#......#.#
#..####### .....#
#...#...#..#.# #..#
.....#
#.#...#.##...###..#
.#####
#.......g♣........#
.#
#####......###.#...+
## #.#.#### #.#.### #
#.#.# #.#.# #
#######.#.# #.#.#
######.....# #.#
#.#.# ........# .#
#.# #.#.# ######..#
.# #.# ..... #..# .#
#.#


You could see Ijyb.

Vanquished Creatures
  A water moccasin (D:5)
  2 orc priests (D:5)
  An iguana (D:5)
  3 orc wizards (D:5)
  8 adders
  4 river rats
  A worm (D:3)
  A dart slug (D:3)
  6 orcs
  A giant cockroach (D:1)
  A hobgoblin (D:3)
  3 jackals (D:1)
  A quokka (D:5)
  3 ball pythons
  2 bats (D:1)
  10 frilled lizards
  A kobold (D:3)
  12 rats
61 creatures vanquished.

Vanquished Creatures (collateral kills)
  An adder (D:5)
  A worm (D:5)
2 creatures vanquished.

Grand Total: 63 creatures vanquished

Notes
Turn   | Place    | Note
-------+----------+-------------------------------------------
     0 | D:1      | M4edhros the Octopode Artificer began the quest for the
                  | Orb.
     0 | D:1      | Reached XP level 1. HP: 13/13 MP: 1/1
    90 | D:1      | Reached XP level 2. HP: 13/18 MP: 2/2
   332 | D:3      | Reached XP level 3. HP: 18/23 MP: 3/3
   586 | D:3      | Noticed Grinder
   725 | D:5      | Entered Level 5 of the Dungeon
   725 | D:5      | Noticed a water moccasin
   727 | D:5      | Reached XP level 4. HP: 12/29 MP: 4/4
   728 | D:5      | Killed a water moccasin
   729 | D:5      | Reached XP level 5. HP: 15/35 MP: 5/5
   729 | D:5      | HP: 1/35 [orc priest/divine providence (14)]
   732 | D:5      | Reached XP level 6. HP: 2/41 MP: 6/6
   873 | D:5      | Gained mutation: Your magical capacity is low. (-10% MP)
                  | [potion of mutation]
   873 | D:5      | Gained mutation: You are clumsy. (Dex -2) [potion of
                  | mutation]
   873 | D:5      | Gained mutation: One of your tentacles bears a spike.
                  | [potion of mutation]
   987 | D:5      | Found a glowing drain.
  1035 | Sewer    | Entered a sewer
  1303 | Sewer    | Reached skill level 5 in Stealth
  1582 | D:5      | Reached skill level 5 in Evocations
  1599 | D:5      | Reached XP level 7. HP: 46/46 MP: 6/6
  1639 | D:5      | Noticed Ijyb
  1652 | D:5      | HP: 1/46 [constriction (4)]
  1654 | D:5      | Constricted to death by Ijyb

Illustrated notes

Levels and vault maps discovered:
D:1:      scummos_arrival_star, layout_loops_cross,
          dreamdust_ecumenical_altar_hidden_monk_grotto, minmay_box_of_dots
D:2:      layout_rooms, chequers_serial_rivers_room_b, minmay_small_reverse_x
D:3:      layout_loops_ring, nicolae_wu_jian_glorious_leap,
          chequers_hall_statues_wall_a, hangedman_decor_diamond_cutter,
          uniq_grinder
D:4:      layout_loops_ring, mainiacjoe_overflow_cross_hatched,
          overflow_temple_1_default, minmay_joined_circles, uniq_robin,
          uniq_edmund
D:5:      layout_basic, kennysheep_mini, lightli_sewer_entry_pipes,
          minmay_misc_feat_x, roderic_lattice_a, minmay_misc_feat_columns,
          uniq_ijyb, uniq_menkaure

Skill      XL: |  1  2  3  4  5  6 |
---------------+-------------------+-----
Stealth        | 2 3 4 5 |  5.2
Fighting       | 2 3 |  3.2
Dodging        | 3 4 |  4.2
Evocations     | 4 5 |  5.1

Action                   |  1- 3 |  4- 6 |  7- 9 || total
-------------------------+-------+-------+-------++-------
Melee: Club              |    47 |    37 |       ||    84
       Constrict         |    13 |    25 |     1 ||    39
       Tentacles         |    14 |    12 |     2 ||    28
       Punch             |     1 |     2 |       ||     3
       Unarmed           |       |    45 |     8 ||    53
       Kick              |       |    25 |     4 ||    29
Evoke: Wand              |     2 |    23 |     1 ||    26
  Use: Potion            |       |     7 |     2 ||     9
 Stab: Sleeping          |     3 |    10 |       ||    13
Armor: Skin              |     3 |     2 |       ||     5
Dodge: Dodged            |    33 |    51 |     2 ||    86

Table legend: (Time is in decaauts)
 A = Elapsed time spent in this place.
 B = Non-inter-level travel time spent in this place.
 C = Inter-level travel time spent in this place.
 D = Time resting spent in this place.
 E = Time spent auto-exploring this place.
 F = Levels seen in this place.
 G = Mean time per level.
                   A        B        C        D        E       F      G
               +--------+--------+--------+--------+--------+-----+--------+
         Total |   1662 |   1565 |     97 |    123 |    843 |   6 |  277.0 |
       Dungeon |   1135 |   1038 |     97 |     44 |    555 |   5 |  227.0 |
         Sewer |    527 |    527 |      0 |     79 |    288 |   1 |  527.0 |
               +--------+--------+--------+--------+--------+-----+--------+

Top non-repeatable levels by time:
     D:3: 529 daAuts
   Sewer: 527 daAuts
     D:5: 397 daAuts
     D:1: 128 daAuts
     D:2: 68 daAuts
     D:4: 11 daAuts
